 Dungeon Crawl Stone Soup version 0.31-a0-1098-g6898e6545c (webtiles) character file.

Game seed: 15808141677962677093

29 Dirtsage the Changeling (level 3, -3/23 HPs)
             Began as an Octopode Shapeshifter on Nov 30, 2023.
             Killed from afar by Natasha (12 damage)
             ... with a puff of flame
             ... on level 2 of the Dungeon.
             The game lasted 00:01:13 (961 turns).

Dirtsage the Changeling (Octopode Shapeshifter)      Turns: 961, Time: 00:01:13

Health: -3/23      AC:  1    Str: 13    XL:     3   Next: 16%
Magic:  3/3        EV: 13    Int: 12    God:
Gold:   64         SH:  0    Dex: 13    Spells: 2/2 levels left

rFire   . .          .
                       - Unarmed
rCold   . . .        (no shield)
rNeg    . . .        (helmet currently unavailable)
rPois   .            (no amulet)
rElec   .            (no ring)
rCorr   .            (no ring)
SInv    .            (no ring)
Will    .....        (no ring)
Stlth   ++           (no ring)
HPRegen 0.23/turn    (no ring)
MPRegen 0.08/turn    (no ring)
                     (no ring)

%: no passive effects
@: beast-form
A: beast (slay +2), almost no armour, amphibious, 8 rings, camouflage 1,
gelatinous body 1, (nimble swimmer 1), tentacles
a: Begin Untransformation


You were on level 2 of the Dungeon.
You were a hulking beast.
You visited 1 branch of the dungeon, and saw 2 of its levels.

You collected 64 gold pieces.

Inventory:

Talismans
 b - a beast talisman
 c - a flux talisman
Scrolls
 e - a scroll of torment {unknown}
 g - a scroll of immolation {unknown}
Potions
 a - 2 potions of lignification
 d - a potion of might {unknown}
 h - 2 potions of heal wounds {unknown}
 i - a potion of enlightenment {unknown}
 j - a potion of ambrosia {unknown}
 q - a potion of curing


   Skills:
 + Level 1.6 Fighting
 - Level 2.0 Dodging
 + Level 3.3 Unarmed Combat
 * Level 3.5 Shapeshifting


You had 2 spell levels left.
You didn't know any spells.
Your spell library contained the following spells:

 Spells                   Type           Power      Damage    Failure   Level
 Shock                    Conj/Air       0%         1d3       32%         1
 Static Discharge         Conj/Air       0%         3-3/arc   45%         2
 Dazzling Flash           Conj/Hex       0%         N/A       69%         3
 Ignite Poison            Fire/Tmut/Pois 0%         N/A       69%         3
 Volatile Blastmotes      Fire/Tloc      0%         2d10      69%         3
 Eringya's Noxious Bog    Tmut/Pois      0%         4d6       100%        6
 Simulacrum               Ice/Necr       0%         N/A       100%        6
 Starburst                Conj/Fire      0%         6d3       100%        6
 Ozocubu's Refrigeration  Ice            0%         4d7       100%        7
 Maxwell's Capacitive Co  Air            0%         ∞         100%        8
 Polar Vortex             Ice            0%         N/A       100%        9


Dungeon Overview and Level Annotations

Branches:
Dungeon (2/15)

Altars:

Annotations:
D:2 Natasha


Innate Abilities, Weirdness & Mutations

You are a hulking beast.
Your limbs bulge with bestial killing power. (Slay +2)
You cannot wear most types of armour.
You are amphibious.
You can wear up to eight rings at the same time.
Your skin changes colour to match your surroundings (Stealth+).
Your rubbery body absorbs attacks. (AC +1, EV +1)
((You are camouflaged when in or above water. (Stealth+)))
You have tentacles for arms and can constrict up to eight enemies at once.


Message History

You closely miss the adder. You grab the adder. You constrict the adder.
The adder closely misses you.
You barely miss the adder. Your squeeze misses the adder.
The adder is lightly wounded.
You constrict the adder. The adder bites you but does no damage.
You tentacle-slap the adder but do no damage.
The adder is moderately wounded.
You constrict the adder. The adder barely misses you.
You tentacle-slap the adder. You squeeze the adder.
You kill the adder!
You have reached level 3!
Your experience leads to an increase in your attributes!
Increase (s)trength, (i)ntelligence, or (d)exterity?
You feel agile. x2
You regained 5 hp, and now have 20/23 hp.
MP restored: 3 HP restored.
Found a stone staircase leading down.
Health restored: 23 You pick up a book of Spectacle and begin reading...
You add the spells Volatile Blastmotes, Dazzling Flash, Starburst and Maxwell's Capacitive Coupling to your library.
You now have 64 gold pieces (gained 4).
You see here 6 poisoned darts.
Natasha, Servant of Life and Death comes into view.
She is carrying a wand of flame.
Natasha hisses angrily.
Natasha zaps a wand.
The puff of flame hits you!
You take 10 damage, and have 13/23 hp.
MASSIVE DAMAGE!!
You are too injured to fight recklessly!
Natasha zaps a wand.
The puff of flame hits you!
* * * LOW HITPOINT WARNING * * *
You see here a scroll labelled DABEIGGYIGI.
You take 9 damage, and have 4/23 hp.
MASSIVE DAMAGE!!
It was a potion of curing.
You feel better.
q - a potion of curing Natasha zaps a wand.
The puff of flame misses you.
You regained 5 hp, and now have 9/23 hp.
Natasha zaps a wand.
The puff of flame hits you!
Ouch! That really hurt!
You die...
Natasha begins licking her fur clean.

..## #. .... ...## #.
... ....# #.#####.#
....# #>......# ..#.#
##.#..#.# .##.# #...(#
## .##.# #.##.# .#
....# #.##.##.#####
.#..#######.##.?hh....#
.#..#.......#####.###.#
.#..#.#####.# .#
......# #... .. ....#.#
#.### .## .####.# #.#
.# .# #.# ..# .. . #.#
... .. #.# .##


You could see Natasha.

Vanquished Creatures
  An adder (D:2)
  A dart slug (D:1)
  2 hobgoblins (D:1)
  2 bats
  2 frilled lizards (D:1)
  4 goblins (D:1)
  3 kobolds (D:1)
  4 rats
19 creatures vanquished.

Notes
Turn   | Place    | Note
-------+----------+-------------------------------------------
     0 | D:1      | Dirtsage the Octopode Shapeshifter began the quest for the
                  | Orb.
     0 | D:1      | Reached XP level 1. HP: 13/13 MP: 1/1
   125 | D:1      | Reached XP level 2. HP: 7/18 MP: 2/2
   243 | D:1      | Found a faded altar of an unknown god.
   297 | D:1      | Got Ymiales's Incunabulum of Gusty Effluvium
   932 | D:2      | Reached XP level 3. HP: 20/23 MP: 3/3
   958 | D:2      | Noticed Natasha
   961 | D:2      | Killed from afar by Natasha

Illustrated notes

Levels and vault maps discovered:
D:1:      elethiomel_arrival_shortcut, layout_loops_corners,
          shapermc_ecumenical_altar_ellora, minmay_pentomino_p2
D:2:      layout_loops_ring, serial_shops, nicolae_shop_tiny_waterfront,
          uniq_sigmund, uniq_natasha

Action                     || total
---------------------------++-------
  Melee: Unarmed           ||    34
         Constrict         ||     9
         Tentacles         ||     3
    Use: Potion            ||     1
   Stab: Sleeping          ||     7
 Armour: Skin              ||    11
  Dodge: Dodged            ||    16

Table legend: (Time is in decaauts)
 A = Elapsed time spent in this place.
 B = Non-inter-level travel time spent in this place.
 C = Inter-level travel time spent in this place.
 D = Time resting spent in this place.
 E = Time spent auto-exploring this place.
 F = Levels seen in this place.
 G = Mean time per level.
                   A        B        C        D        E       F      G
               +--------+--------+--------+--------+--------+-----+--------+
         Total |    959 |    942 |     17 |      0 |    810 |   2 |  479.5 |
       Dungeon |    959 |    942 |     17 |      0 |    810 |   2 |  479.5 |
               +--------+--------+--------+--------+--------+-----+--------+

Top non-repeatable levels by time:
     D:1: 878 daAuts
     D:2: 80 daAuts
